Selects Armored Support Battlegroup
Construct Light Support Kompanie
Selects Superior Fire Drills
Selects Flammpanzer III Medium Tank
Flammpanzer III Medium Tank
Construct Mechanized Kompanie
Flammpanzer III Medium Tank
Flammpanzer III Medium Tank
Pak 38 Anti-tank Gun Team
Kradschützen Motorcycle Team
Selects Command Panzer IV F Medium Tank
Command Panzer IV F Medium Tank
Pak 38 Anti-tank Gun Team
Pak 38 Anti-tank Gun Team
Construct Mechanized Kompanie
Marder III Tank Destroyer
Marder III Tank Destroyer
Marder III Tank Destroyer